 Dungeon Crawl Stone Soup version 0.31.0-12-g77e489cdc1 (webtiles) character file.

Game seed: 6802014502220848764

1880 Anriel the Basher (level 9, -5/54 HPs)
             Began as a Gargoyle Fighter on Feb 28, 2024.
             Killed themself with a badly aimed iceblast (12 damage)
             ... on level 4 of the Dungeon.
             The game lasted 00:23:31 (3302 turns).

Anriel the Basher (Gargoyle Fighter)                Turns: 3302, Time: 00:23:31

Health: -5/54      AC: 25    Str: 24    XL:     9   Next: 14%
Magic:  0/9        EV:  6    Int:  9    God:
Gold:   94         SH:  5    Dex:  9    Spells: 8/8 levels left

rFire   . . .        a - +0 flail
rCold   . . .        c - +1 buckler
rNeg    + . .        d - +0 plate armour
rPois   ∞            (no helmet)
rElec   +            (no cloak)
rCorr   .            h - +0 pair of gloves
SInv    .            q - +0 pair of boots
Will    +....        k - amulet of guardian spirit Stlth
                     g - +4 ring of protection
HPRegen 0.00/turn    (no ring)
MPRegen 0.11/turn

%: clarity, guardian spirit
@: inhibited regen
A: sickness immunity, AC +6, negative energy resistance 1, electricity
resistance, torment resistance 1, petrification resistance, clarity,
strong-willed 1, inhibited regeneration, devolution 1
a: no special abilities


You were on level 4 of the Dungeon.
You visited 1 branch of the dungeon, and saw 4 of its levels.
You visited the Abyss 1 time.

You collected 191 gold pieces.
You spent 97 gold pieces at shops.

Inventory:

Hand Weapons
 a - a +0 flail (weapon)
Missiles
 e - a boomerang (quivered)
Armour
 c - a +1 buckler (worn)
 d - a +0 plate armour (worn)
 h - a +0 pair of gloves (worn)
 q - a +0 pair of boots (worn)
Jewellery
 g - a +4 ring of protection (left hand)
 k - an amulet of guardian spirit (around neck)
Wands
 b - a wand of iceblast (13)
Scrolls
 j - a scroll of identify
 m - a scroll of enchant armour
 r - a scroll of revelation
Potions
 o - a potion of magic


   Skills:
 - Level 5.0 Fighting
 * Level 8.8 Maces & Flails
 - Level 5.0 Armour
 - Level 5.0 Shields
 + Level 4.4 Evocations


You had 8 spell levels left.
You didn't know any spells.
Your spell library contained the following spells:

 Spells                   Type           Power      Damage    Failure   Level
 Alistair's Intoxication  Alch           0%         N/A       100%        5
 Borgnjor's Vile Clutch   Necr/Erth      0%         N/A       100%        5
 Eringya's Noxious Bog    Alch           0%         4d6       100%        6


Dungeon Overview and Level Annotations

Branches:
Dungeon (4/15)
 Temple: D:4-7

Altars:
Xom

Shops:
D:3 ([!?

Annotations:
D:4 thiplelam's ghost, weakling HuBe


Innate Abilities, Weirdness & Mutations

You are immune to sickness and miasma.
Your stone body is resilient. (AC +6)
You are immune to poison.
You resist negative energy. (rN+)
You are resistant to electric shocks. (rElec)
You are resistant to unholy torment.
You are immune to petrification.
You possess an exceptional clarity of mind.
You are strong-willed. (Will+)
You do not regenerate when monsters are visible.
You have hidden genetic defects.


Message History

You block the kobold brigand's attack.
The kobold struggles against the net.
Okay, then.
You barely miss the kobold brigand.
The kobold brigand hits you with a +2 short sword of distortion.
* * * LOW HITPOINT WARNING * * *
Space warps around you.
* * * LOW HITPOINT WARNING * * *
The kobold struggles against the net.
Unknown command.
You closely miss the kobold brigand.
The kobold brigand hits you but does no damage.
You resist the pull of the Abyss.
The kobold struggles against the net.
You sock the kobold brigand!
The kobold brigand is moderately wounded.
The kobold brigand hits you but does no damage.
Space warps around you.
* * * LOW HITPOINT WARNING * * *
The kobold struggles against the net.
You barely miss the kobold brigand.
The kobold brigand is moderately wounded.
The kobold brigand hits you but does no damage.
The kobold struggles against the net.
The net rips apart, and the kobold comes free!
You closely miss the kobold brigand.
The kobold brigand is moderately wounded.
You block the kobold brigand's attack.
You hit the kobold brigand.
The kobold brigand is heavily wounded.
The kobold brigand closely misses you.
You feel a genetic drift.
Your regeneration stops near monsters.
Aiming: Iceblast
Press: ? - help, Shift-Dir - straight line, f/p - kobold brigand
Aim: a kobold brigand, wielding a +2 short sword of distortion and quivering poisoned darts (heavily wounded)
The mass of ice explodes!
The iceblast engulfs the kobold brigand.
The kobold brigand is severely wounded.
The iceblast engulfs the kobold!
You kill the kobold!
The iceblast engulfs you!
You die...

#.#......##...†....
#...#####.#........
#..##~⌠P###........
#..#.....##....###.
#..'.###..#........
#KKKK....$###......
##)KW###.% ##..#...
#K#KK...###..##.#.
#@##~⌠~##.......#.
#..######.........
#### ###..........
##........###.
#.......#..###
##.....##..##.
#.....##.....
#....##....#.
#.......#####


You could see a kobold brigand, thiplelam's ghost and 7 kobolds.

Vanquished Creatures
  A worldbinder (Abyss:2)
  A naga zombie (Abyss:2)
  A harpy skeleton (Abyss:2)
  A chaos spawn (Abyss:2)
  A harpy simulacrum (Abyss:2)
  A small abomination (Abyss:2)
  2 ogres
  A phantom (D:4)
  Blork the orc (D:3)
  3 bombardier beetles
  3 jellies (D:4)
  An orc wizard (D:4)
  3 gnolls (D:3)
  7 adders
  A dart slug (D:4)
  A ribbon worm (D:2)
  9 orcs
  6 ball pythons
  5 endoplasms
  7 giant cockroaches
  7 goblins
  12 hobgoblins
  2 jackals (D:1)
  2 quokkas (D:1)
  8 bats
  2 frilled lizards (D:1)
  7 kobolds
  6 rats
102 creatures vanquished.

Notes
Turn   | Place    | Note
-------+----------+-------------------------------------------
     0 | D:1      | Anriel the Gargoyle Fighter began the quest for the Orb.
     0 | D:1      | Reached XP level 1. HP: 14/14 MP: 1/1
    77 | D:1      | Reached XP level 2. HP: 18/19 MP: 2/2
   316 | D:1      | Reached XP level 3. HP: 16/23 MP: 3/3
   406 | D:1      | Reached skill level 3 in Maces & Flails
   976 | D:2      | Found a faded altar of an unknown god.
  1134 | D:2      | Reached XP level 4. HP: 29/29 MP: 4/4
  1526 | D:3      | Noticed an ogre
  1746 | D:3      | Killed an ogre
  1747 | D:3      | Reached skill level 4 in Maces & Flails
  1747 | D:3      | Reached XP level 5. HP: 30/33 MP: 5/5
  2030 | D:3      | Reached XP level 6. HP: 39/39 MP: 6/6
  2131 | D:3      | Found Zyppat's Antique Weapon Boutique.
  2301 | D:3      | Found Qanuecod's Armour Shoppe.
  2305 | D:3      | Found Zerom's Magic Scroll Boutique.
  2321 | D:3      | Bought a +0 pair of boots for 49 gold pieces
  2330 | D:3      | Bought a scroll of identify for 24 gold pieces
  2330 | D:3      | Bought a scroll of identify for 24 gold pieces
  2404 | D:3      | Found Kaurr's Distillery.
  2413 | D:3      | Found a shimmering altar of Xom.
  2604 | D:4      | Noticed Blork the orc
  2633 | D:3      | Killed Blork the orc
  2634 | D:3      | Reached skill level 5 in Maces & Flails
  2717 | D:4      | Reached skill level 5 in Fighting
  2825 | D:4      | Reached skill level 5 in Armour
  2839 | D:4      | Reached XP level 7. HP: 20/44 MP: 3/7
  2939 | D:4      | Reached skill level 1 in Evocations
  2982 | D:4      | Reached skill level 6 in Maces & Flails
  3042 | D:4      | Found a runed translucent gate.
  3042 | D:4      | Found a runed translucent gate.
  3042 | D:4      | Found a runed translucent gate.
  3044 | D:4      | Noticed thiplelam's ghost (weakling HuBe)
  3059 | Abyss:2  | Cast into level 2 of the Abyss (kobold brigand)
  3174 | Abyss:2  | Noticed a chaos spawn
  3187 | Abyss:2  | Killed a chaos spawn
  3188 | Abyss:2  | Reached XP level 8. HP: 26/49 MP: 2/8
  3279 | Abyss:2  | Noticed a worldbinder
  3285 | Abyss:2  | Reached skill level 7 in Maces & Flails
  3285 | Abyss:2  | Reached skill level 5 in Shields
  3287 | Abyss:2  | Gained mutation: You are strong-willed. (Will+) [potion of
                  | mutation]
  3287 | Abyss:2  | Gained mutation: You have hidden genetic defects. [potion
                  | of mutation]
  3287 | Abyss:2  | Gained mutation: You possess an exceptional clarity of
                  | mind. [potion of mutation]
  3290 | Abyss:2  | Noticed a goliath frog
  3290 | Abyss:2  | Killed a worldbinder
  3291 | Abyss:2  | Reached skill level 8 in Maces & Flails
  3292 | Abyss:2  | Reached XP level 9. HP: 19/54 MP: 2/9
  3294 | D:4      | Escaped the Abyss
  3301 | D:4      | Gained mutation: You do not regenerate when monsters are
                  | visible. [hidden defects]
  3302 | D:4      | Killed themself with a badly aimed iceblast

Illustrated notes

Levels and vault maps discovered:
D:1:      roderic_crop_circles_arrival_small, layout_basic, st_stairs_4,
          minmay_pentomino_v4
D:2:      layout_loops_ring, shapermc_ecumenical_altar_gd, minivault_27
D:3:      layout_basic, overflow_temple_1_default, serial_shops,
          nicolae_shop_just_a_little_nook, nicolae_lakefront_shop, shop, shop
D:4:      layout_cave_pools, gammafunk_ghost_nasty_kobolds, minmay_mini_jars,
          uniq_blork_the_orc, uniq_edmund, uniq_ijyb, uniq_pikel

Skill      XL: |  1  2  3  4  5  6  7  8 |
---------------+-------------------------+-----
Maces & Flails | 3 4 5 6 8 |  8.8
Fighting       | 4 5 |  5.0
Armour         | 4 5 |  5.0
Evocations     | 2 4 |  4.4
Shields        | 4 5 |  5.0

Action                     |  1- 3 |  4- 6 |  7- 9 || total
---------------------------+-------+-------+-------++-------
  Melee: Flail             |   170 |   165 |    85 ||   420
  Throw: Throwing net      |       |       |     1 ||     1
    Use: Scroll            |     2 |     9 |     2 ||    13
         Potion            |       |     4 |     3 ||     7
 Armour: Scale mail        |   145 |    36 |       ||   181
         Plate armour      |       |    91 |   107 ||   198
  Dodge: Dodged            |    98 |    66 |    18 ||   182
  Block: Buckler           |    45 |    44 |    28 ||   117
